AoeStats
← ABdirtyoil

Socotra

505040070Analyzed
2v2 RM · 26d ago on Sep 7, 2026· 55m 48s· 4 players
Game mode
Random Map
Map size
Tiny (2 player)
Population
200
Speed
Normal
Resources
Standard
Victory
Conquest
Starting age
Dark Age
Ending age
Imperial Age
RankedLock teamsTeams togetherTeam positionsShared explorationLock speedFull tech treeHidden civsTurbo modeCheats
Victory
Defeat
🇭🇰 Sicilians · Hong Kong SAR China
1013
+13
960
+15
🇨🇦 Muisca · Canada
951
-14
🇨🇦 Tupi · Canada
940
-14
Валодя Муталиск
3:59 Loom
13:23 Feudal Age
14:02 Horse Collar
14:08 Double-Bit Axe
23:39 Castle Age
22:59 Fletching
23:10 Padded Archer Armor
24:16 Elite Skirmisher
25:04 Thumb Ring
26:59 Wheelbarrow
29:31 Scale Barding Armor
30:46 Husbandry
31:04 Heavy Plow
31:15 Gold Mining
34:24 Squires
34:10 Gambesons
35:08 Bow Saw
36:03 Bodkin Arrow
36:18 Forging
36:30 Chain Barding Armor
37:12 Hand Cart
36:51 Light Cavalry
37:36 Treadmill Crane
37:52 Murder Holes
38:18 Ballistics
38:43 Pikeman
39:09 Arson
40:18 Leather Archer Armor
40:38 Iron Casting
45:21 Imperial Age
43:53 Scale Mail Armor
45:56 Fortified Wall
46:03 Chain Mail Armor
46:29 Conscription
51:11 Chemistry
50:14 Bracer
50:45 Ring Archer Armor
54:00 Hussar
computer
0:39 Loom
12:57 Feudal Age
13:29 Town Watch
13:34 Horse Collar
25:43 Fletching
28:22 Double-Bit Axe
40:25 Castle Age
43:08 Heavy Plow
44:39 Bodkin Arrow
44:44 Padded Archer Armor
44:43 Elite Skirmisher
52:50 Imperial Age
52:11 First Crusade
53:02 Wheelbarrow
53:23 Masonry
53:42 Elite Serjeant
54:39 Forging
54:30 Scale Mail Armor
54:31 Bracer
54:47 Leather Archer Armor
55:27 Crop Rotation
56:43 Chemistry
bischlar
3:30 Loom
10:45 Feudal Age
11:17 Double-Bit Axe
29:10 Castle Age
27:39 Fletching
28:05 Horse Collar
29:21 Gold Mining
29:29 Crossbowman
41:54 Squires
44:49 Bodkin Arrow
50:46 Town Watch
ABdirtyoil
2:50 Loom
11:47 Feudal Age
17:10 Double-Bit Axe
18:33 Fletching
18:45 Padded Archer Armor
21:19 Horse Collar
27:20 Castle Age
27:23 Forging
27:15 Scale Mail Armor
27:07 Gold Mining
27:11 Stone Mining
28:56 Wheelbarrow
27:57 Elite Skirmisher
29:17 Bow Saw
31:08 Thumb Ring
33:44 Iron Casting
34:14 Hand Cart
34:32 Bodkin Arrow
35:31 Pikeman
37:00 Chain Mail Armor
38:01 Squires
40:35 Leather Archer Armor
43:42 Imperial Age
42:04 Herbalism
42:43 Town Watch
43:55 Heavy Plow
43:46 Gold Mining
46:25 Two-Man Saw
48:25 Conscription
Connection lost

Rejoining the realm…

Still unreachable

The connection could not be restored.

Session expired

The server has moved on; the page needs a fresh start.